 Dungeon Crawl Stone Soup version 0.28-a0-1638-g9123634e07 (webtiles) character file.

Game seed: 16602294904260805675

1366 hatsuma the Magician (level 8, -3/59 HPs)
             Began as a Djinni Hedge Wizard on Jan 25, 2022.
             Was a Priest of Lugonu.
             Shot with an arrow by a centaur (13 damage)
             ... on level 5 of the Dungeon.
             The game lasted 00:39:12 (8332 turns).

hatsuma the Magician (Djinni Hedge Wizard)          Turns: 8332, Time: 00:39:13

Health: -3/59      AC:  3    Str:  9    XL:     8   Next: 97%
Gold:   204        EV: 13    Int: 18    God:    Lugonu [***...] SH:  0 Dex: 13

rFire   + + .      SeeInvis .   n - +3 falchion (holy)
rCold   x . .      Faith    .   (no shield)
rNeg    . . .      Spirit   .   b - +0 robe
rPois   ∞          Reflect  .   c - +0 hat
rElec   .          Harm     .   (no cloak)
rCorr   .          Rampage  .   h - +0 pair of gloves
Will    +....                   (boots unavailable)
Stlth   ++........              (no amulet)
HPRegen 0.19/turn               r - ring of willpower
MPRegen 0.00/turn               (no ring)

@: flying
A: sickness immunity, fire resistance 2, cold vulnerability 1, float, innate
caster, hp casting, extra vitality 1
a: Renounce Religion, Depart the Abyss, Bend Space, Banish


You were on level 5 of the Dungeon.
You worshipped Lugonu.
Lugonu was most pleased with you.
You visited 1 branch of the dungeon, and saw 5 of its levels.
You also visited: Ossuary.

You collected 204 gold pieces.

Inventory:

Hand Weapons
 n - a +3 falchion of holy wrath (weapon)
Armour
 b - a +0 robe (worn)
 c - a +0 hat (worn)
 h - a +0 pair of gloves (worn)
Jewellery
 k - a ring of fire
 r - a ring of willpower (left hand)
Wands
 a - a wand of iceblast (3)
 p - a wand of digging (5)
Scrolls
 e - a scroll of enchant weapon
 g - a scroll of blinking {unknown}
 i - a scroll of summoning {unknown}
 j - 2 scrolls of teleportation
 l - 2 scrolls of amnesia {unknown}
 o - a scroll of enchant armour {unknown}
 s - 2 scrolls of identify
Potions
 d - 2 potions of cancellation {unknown}
 f - 3 potions of ambrosia
 m - 2 potions of mutation {unknown}
 q - a potion of brilliance {unknown}
 t - a potion of flight {unknown}


   Skills:
 - Level 5.0 Fighting
 - Level 1.0 Short Blades
 - Level 3.4 Dodging
 - Level 2.1 Stealth
 - Level 6.2 Spellcasting
 + Level 2.0 Invocations
 - Level 2.2 Evocations


You had 2 spell levels left.
You knew the following spells:

 Your Spells              Type           Power      Damage    Failure   Level
a - Magic Dart            Conj           100%       1d8       1%          1
b - Slow                  Hex            100%       N/A       1%          1
c - Freeze                Ice            100%       1d11      1%          1
d - Blink                 Tloc           54%        N/A       1%          2
e - Call Imp              Summ           27%        N/A       1%          2
f - Passwall              Tmut/Erth      22%        N/A       1%          2
g - Static Discharge      Conj/Air       27%        N/A       1%          2
h - Mephitic Cloud        Conj/Pois/Air  27%        N/A       2%          3
i - Conjure Flame         Conj/Fire      27%        6-21      2%          3
Your spell library was empty.

Dungeon Overview and Level Annotations

Branches:
Dungeon (5/15)             Temple (0/1) D:5         Ossuary (visited)

Altars:
Gozag
Trog
Lugonu

Shops:
D:5 (

Annotations:
D:3 Sigmund
D:5 1 runed translucent door, Crazy Yiuf


Innate Abilities, Weirdness & Mutations

You are immune to sickness and miasma.
You are immune to poison.
Your flesh is very heat resistant. (rF++)
You are vulnerable to cold. (rC-)
You float through the air rather than walking.
You learn spells naturally, not from books.
Your magical power is your life essence.
You have superior vitality. (+4 MHP)


Message History

Casting: Mephitic Cloud (dangerous; 2% risk of failure)
Confirm with . or Enter, or press ? or * to list all spells.
Aiming: Magic Dart (safe; 1% risk of failure)
Press: ? - help, Shift-Dir - straight line, f - centaur
Aim: a centaur, wielding a +0 shortbow and quivering arrows (lightly wounded, ally target, 100% to hit)
Okay, then.
The centaur unwields a +0 shortbow.
The centaur closely misses your crimson imp.
The centaur barely misses your crimson imp.
Your crimson imp hits the centaur but does no damage.
The centaur wields a +0 shortbow.
The centaur shoots an arrow.
The arrow barely misses your crimson imp.
The arrow barely misses you.
Your crimson imp closely misses the centaur.
You see here 10 arrows.
The centaur shoots an arrow.
The arrow completely misses your crimson imp.
The arrow hits you.
* * * LOW HITPOINT WARNING * * *
The centaur unwields a +0 shortbow.
The centaur hits your crimson imp but does no damage.
The centaur kicks your crimson imp.
Your crimson imp hits the centaur.
The centaur wields a +0 shortbow.
The centaur shoots an arrow.
The arrow hits your crimson imp!
Your crimson imp barely misses the centaur.
Something hits your crimson imp. Something misses your crimson imp.
Your crimson imp hits the centaur but does no damage.
The centaur wields a +0 shortbow.
The centaur shoots an arrow.
The arrow hits you.
* * * LOW HITPOINT WARNING * * *
The centaur shoots an arrow.
The arrow barely misses you.
Casting: Magic Dart (safe; 1% risk of failure)
Confirm with . or Enter, or press ? or * to list all spells.
Okay, then.
Casting: Magic Dart (safe; 1% risk of failure)
Confirm with . or Enter, or press ? or * to list all spells.
The fire begins to smoulder!
* * * LOW HITPOINT WARNING * * *
The centaur shoots an arrow.
The arrow hits you!
You die...

# #...# #.###.## #.#
###...# #..##..# #.#
[.∩...# ##.##..# #.#
###...# #...#.# #.#
# #..c######...# #.#
# #.....####.∩.# #.#
#...#....#.c.### #.#
#.....c....#.§.###.#
#...#....#####@.##<#
#...###### ##..#.#
#...# ##...# #####
#####


You could see a centaur.

Vanquished Creatures
  Eustachio (D:5)
  A water moccasin (D:5)
  2 ogres
  A scorpion (D:4)
  3 killer bees (D:4)
  2 howler monkeys
  A hound (D:5)
  A centaur skeleton (D:5)
  A jelly (D:4)
  2 iguanas (D:5)
  Terence (D:3)
  An orc wizard (D:5)
  A hound skeleton (D:4)
  4 gnolls
  4 adders
  A howler monkey skeleton (D:5)
  An ufetubus (D:5)
  10 orcs
  9 ball pythons
  6 endoplasms
  2 goblins
  8 hobgoblins
  A jackal (D:4)
  9 kobolds
  2 quokkas
  5 bats
  A goblin zombie (Ossuary)
  A rat (D:1)
  2 rat zombies (Ossuary)
84 creatures vanquished.

Vanquished Creatures (collateral kills)
  Prince Ribbit (D:5)
  A killer bee (D:4)
  A jelly (D:4)
  Ijyb (D:5)
  An adder (D:2)
  A dart slug (D:2)
  2 orcs
  3 endoplasms
  A hobgoblin (D:1)
  A jackal (D:4)
  3 quokkas
  A frilled lizard (D:3)
  A goblin (D:1)
  2 kobolds
20 creatures vanquished.

Vanquished Creatures (others)
  12 plants (D:5)
12 creatures vanquished.

Grand Total: 116 creatures vanquished

Notes
Turn   | Place    | Note
-------+----------+-------------------------------------------
     0 | D:1      | hatsuma the Djinni Hedge Wizard began the quest for the
                  | Orb.
     0 | D:1      | Reached XP level 1. HP: 15/15 MP: 0/0
   247 | D:1      | Reached skill level 1 in Fighting
   390 | D:1      | Reached XP level 2. HP: 22/22 MP: 0/0
   407 | D:1      | Reached skill level 1 in Short Blades
  1443 | D:1      | Reached XP level 3. HP: 18/28 MP: 0/0
  1443 | D:1      | Learned a level 1 spell: Freeze
  1902 | D:1      | Found a faded altar of an unknown god.
  1912 | D:1      | Prayed at the altar of an unknown god.
  1912 | D:1      | Became a worshipper of Lugonu the Unformed
  1912 | D:1      | Reached * piety under Lugonu
  1912 | D:1      | Reached ** piety under Lugonu
  2228 | D:2      | Reached skill level 1 in Invocations
  2706 | D:3      | Found a bloodstained altar of Trog.
  2870 | D:3      | Reached XP level 4. HP: 25/33 MP: 0/0
  3200 | D:3      | Reached skill level 3 in Spellcasting
  3261 | D:3      | Noticed Sigmund
  3658 | D:3      | Noticed Terence
  4053 | D:3      | Killed Terence
  4054 | D:3      | Reached XP level 5. HP: 36/40 MP: 0/0
  4054 | D:3      | Learned a level 2 spell: Passwall
  4471 | D:3      | Reached XP level 6. HP: 25/46 MP: 0/0
  5144 | D:5      | Entered Level 5 of the Dungeon
  5144 | D:5      | Noticed Ijyb
  5148 | D:5      | Killed Ijyb
  5201 | D:5      | Noticed Prince Ribbit
  5219 | D:5      | Killed Prince Ribbit
  5220 | D:5      | Reached skill level 4 in Spellcasting
  5220 | D:5      | Reached XP level 7. HP: 17/50 MP: 0/0
  5220 | D:5      | Learned a level 2 spell: Static Discharge
  5231 | D:5      | Noticed a water moccasin
  5251 | D:5      | Killed a water moccasin
  5252 | D:5      | Reached skill level 5 in Spellcasting
  5388 | D:5      | Found a sand-covered staircase.
  5389 | D:5      | Noticed Eustachio
  5395 | Ossuary  | Entered an ossuary
  5440 | D:5      | Killed Eustachio
  5441 | D:5      | Reached XP level 8. HP: 14/56 MP: 0/0
  5685 | D:5      | Found Jaameps's Antique Weapon Shoppe.
  5733 | D:4      | Reached skill level 6 in Spellcasting
  6096 | D:4      | Found an opulent altar of Gozag.
  6118 | D:4      | Reached *** piety under Lugonu
  7694 | D:5      | Found a runed translucent door.
  7695 | D:5      | Noticed Crazy Yiuf
  7893 | D:5      | Found a staircase to the Ecumenical Temple.
  8129 | D:5      | Reached skill level 5 in Fighting
  8332 | D:5      | Shot with an arrow by a centaur

Illustrated notes

Levels and vault maps discovered:
D:1:      dpeg_arrival_rooms_a, layout_loops_corners,
          chequers_ecumenical_altar_simple, minmay_tromino_v4_a
D:2:      layout_rooms
D:3:      layout_basic, trog_butcher_becter, uniq_terence, uniq_sigmund
D:4:      layout_loops_ring, mainiacjoe_overflow_cross_hatched
D:5:      minmay_inner_zag, layout_rooms, temple_green,
          chequers_ossuary_entry_cave, serial_shops, nicolae_shop_stone,
          serial_bayou_pond_c, grunt_decor_clamped, corexii_shack,
          nicolae_concentric_dashed_squares_wild, uniq_ijyb, uniq_eustachio,
          uniq_crazy_yiuf_cottage, uniq_prince_ribbit1

Skill      XL: |  1  2  3  4  5  6  7  8 |
---------------+-------------------------+-----
Fighting       | 1 2 3 5 |  5.0
Short Blades   | 1 |  1.0
Invocations    | 1 2 |  2.0
Spellcasting   | 3 4 5 6 |  6.2
Evocations     | 2 |  2.2
Stealth        | 2 |  2.1
Dodging        | 3 |  3.4

Action                   |  1- 3 |  4- 6 |  7- 9 || total
-------------------------+-------+-------+-------++-------
Melee: Dagger            |    18 |    11 |       ||    29
       Falchion          |       |    21 |    21 ||    42
       Punch             |       |       |     1 ||     1
 Cast: Magic Dart        |    71 |    20 |    53 ||   144
       Call Imp          |    10 |    16 |    12 ||    38
       Freeze            |     1 |    38 |    17 ||    56
       Static Discharge  |       |       |     6 ||     6
       Conjure Flame     |       |       |    21 ||    21
       Mephitic Cloud    |       |       |    15 ||    15
  Use: Scroll            |     2 |       |     3 ||     5
       Potion            |       |     1 |     4 ||     5
 Stab: Sleeping          |     3 |     2 |       ||     5
       Distracted        |       |       |     1 ||     1
       Confused          |       |       |     1 ||     1
Armor: Robe              |     4 |    15 |    16 ||    35
Dodge: Dodged            |    26 |    27 |    52 ||   105

Table legend: (Time is in decaauts)
 A = Elapsed time spent in this place.
 B = Non-inter-level travel time spent in this place.
 C = Inter-level travel time spent in this place.
 D = Time resting spent in this place.
 E = Time spent auto-exploring this place.
 F = Levels seen in this place.
 G = Mean time per level.
                   A        B        C        D        E       F      G
               +--------+--------+--------+--------+--------+-----+--------+
         Total |   8349 |   7913 |    436 |   1953 |   4453 |   6 | 1391.5 |
       Dungeon |   8323 |   7887 |    436 |   1953 |   4453 |   5 | 1664.6 |
       Ossuary |     25 |     25 |      0 |      0 |      0 |   1 |   25.0 |
               +--------+--------+--------+--------+--------+-----+--------+

Top non-repeatable levels by time:
     D:5: 2163 daAuts
     D:1: 2043 daAuts
     D:3: 1806 daAuts
     D:4: 1589 daAuts
     D:2: 720 daAuts
 Ossuary: 25 daAuts
